 Dungeon Crawl Stone Soup version 0.28.0-53-g5a82cb258f (webtiles) character file.

Game seed: 17200545332578241275

1505 MiltankisOP the Protected (level 8, -4/50 HPs)
             Began as a Gargoyle Fighter on June 14, 2022.
             Was an Elder of Jiyva.
             Slain by a two-headed ogre
             ... wielding a +0 giant spiked club
              (15 damage)
             ... on level 6 of the Dungeon.
             The game lasted 00:08:26 (3714 turns).

MiltankisOP the Protected (Gargoyle Fighter)        Turns: 3714, Time: 00:08:27

Health: -4/50      AC: 17    Str: 24    XL:     8   Next: 82%
Magic:  8/8        EV:  8    Int:  9    God:    Jiyva [****..]
Gold:   183        SH: 12    Dex:  9    Spells: 7/7 levels left

rFire   . . .      SeeInvis .   a - +0 flail
rCold   . . .      Faith    .   c - +0 buckler
rNeg    + . .      Spirit   .   k - +0 chain mail
rPois   ∞          Reflect  .   (no helmet)
rElec   +          Harm     .   (no cloak)
rCorr   +          Rampage  .   (no gloves)
Will    .....                   (no boots)
Stlth   ..........              (no amulet)
HPRegen 1.44/turn               (no ring)
MPRegen 0.51/turn               (no ring)

@: no status effects
A: sickness immunity, AC +5, negative energy resistance 1, electricity
resistance, torment resistance 1, petrification resistance, large bone plates 3,
strong 1, MP-powered wands
a: Renounce Religion, Oozemancy, Slimify


You were on level 6 of the Dungeon.
You worshipped Jiyva.
Jiyva was greatly pleased with you.
You visited 1 branch of the dungeon, and saw 6 of its levels.

You collected 207 gold pieces.
You spent 24 gold pieces at shops.

Inventory:

Hand Weapons
 a - a +0 flail (weapon)
Missiles
 q - a throwing net (quivered)
Armour
 b - a +0 scale mail
 c - a +0 buckler (worn)
 k - a +0 chain mail (worn)
Jewellery
 i - a ring of fire
Wands
 m - a wand of polymorph (16)
 o - a wand of paralysis (9)
Scrolls
 e - 2 scrolls of enchant armour {unknown}
 h - 5 scrolls of identify
 j - a scroll of teleportation {unknown}
 l - a scroll of vulnerability {unknown}
 n - a scroll of immolation {unknown}
 r - a scroll of blinking {unknown}
Potions
 d - a potion of might
 f - a potion of curing {unknown}
 g - a potion of invisibility {unknown}
 p - a potion of degeneration {unknown}


   Skills:
 - Level 5.5 Fighting
 - Level 5.0 Maces & Flails
 + Level 10.1 Armour
 - Level 3.2 Shields


You had 7 spell levels left.
You didn't know any spells.
Your spell library contained the following spells:

 Spells                   Type           Power      Damage    Failure   Level
 Magic Dart               Conj           0%         1d3       96%         1
 Call Imp                 Summ           0%         N/A       99%         2
 Gell's Gravitas          Tloc           0%         N/A       100%        3
 Mephitic Cloud           Conj/Pois/Air  0%         N/A       100%        3
 Teleport Other           Tloc           0%         N/A       100%        3
 Dispersal                Tloc           0%         N/A       100%        6


Dungeon Overview and Level Annotations

Branches:
Dungeon (6/15)             Temple (0/1) D:5

Altars:
Sif Muna
Yredelemnul
Jiyva

Shops:
D:1 ***?   D:2 (   D:5 ?


Innate Abilities, Weirdness & Mutations

You are immune to sickness and miasma.
Your stone body is resilient. (AC +5)
You are immune to poison.
You resist negative energy. (rN+)
You are resistant to electric shocks. (rElec)
You are resistant to unholy torment.
You are immune to petrification.
You are completely covered in large bone plates. (SH +8)
Your muscles are strong. (Str +2)
You expend magic power (3 MP) to strengthen your wands.


Message History

The two-headed ogre closely misses you. x2
You sock the two-headed ogre!
The two-headed ogre is moderately wounded.
You block the two-headed ogre's attack.
The two-headed ogre hits you with a +0 giant club.
You sock the two-headed ogre!
The two-headed ogre is heavily wounded.
The two-headed ogre hits you with a +0 giant spiked club!!
Ouch! That really hurt!
The two-headed ogre closely misses you.
You hit the two-headed ogre.
The two-headed ogre is heavily wounded.
You block the two-headed ogre's attack.
The two-headed ogre hits you with a +0 giant club.
You barely miss the two-headed ogre.
The two-headed ogre is heavily wounded.
You block the two-headed ogre's attack. The two-headed ogre closely misses you.
You thump the two-headed ogre!
The two-headed ogre is severely wounded.
You hit the two-headed ogre.
The two-headed ogre is almost dead.
You block the two-headed ogre's attack.
The two-headed ogre hits you with a +0 giant club.
You hit the two-headed ogre but do no damage.
The two-headed ogre is almost dead.
The two-headed ogre hits you but does no damage. x2
You sock the two-headed ogre!
The two-headed ogre is almost dead.
The two-headed ogre hits you but does no damage.
The two-headed ogre hits you with a +0 giant club!
* * * LOW HITPOINT WARNING * * *
You closely miss the two-headed ogre.
The two-headed ogre is almost dead.
You block the two-headed ogre's attack. The two-headed ogre barely misses you.
You barely miss the two-headed ogre.
The two-headed ogre is almost dead.
The two-headed ogre hits you with a +0 giant spiked club!
* * * LOW HITPOINT WARNING * * *
The two-headed ogre hits you with a +0 giant club!
You die...

.........#.# #
................>#.##
.#.#....................
..#.J.............###..
##..................#..
...............##.....
#....................
#...O......##.##...<. #@.#
#.##.........
###.####.>...#######
##...##...#.# #
#..####.#J#.######### #.##
##.......#J..... #####.#
#..###.#........
##.....####.####.###.#####
#.....#..J..# #.......####
#........#####
#.#.........


You could see a two-headed ogre and a neutral jelly (wandering)(fellow slime).

Vanquished Creatures
  Grinder (D:6)
  A water moccasin (D:5)
  An ice beast (D:4)
  2 necrophages
  A centaur (D:5)
  3 phantoms
  4 scorpions
  A wyvern skeleton (D:6)
  A bullfrog zombie (D:5)
  2 hounds (D:5)
  3 bullfrog skeletons
  Ijyb (D:3)
  A hound skeleton (D:4)
  8 gnolls
  5 adders
  A shadow imp (D:5)
  An ufetubus (D:5)
  An adder zombie (D:5)
  An orc (D:4)
  An endoplasm (D:1)
  3 giant cockroaches
  3 goblins
  6 hobgoblins
  2 jackals (D:1)
  4 kobolds
  6 quokkas
  6 ball pythons
  6 bats
  A frilled lizard (D:3)
  3 rats
80 creatures vanquished.

Vanquished Creatures (others)
  A water moccasin skeleton (D:4)
  4 jellies
  A howler monkey (D:3)
  2 adders (D:2)
  2 endoplasms
  3 jackals (D:4)
  A kobold (D:2)
  A ball python (D:4)
  2 bats
  A frilled lizard (D:2)
  2 fungi (D:1)
  4 plants (D:1)
24 creatures vanquished.

Grand Total: 104 creatures vanquished

Notes
Turn   | Place    | Note
-------+----------+-------------------------------------------
     0 | D:1      | MiltankisOP the Gargoyle Fighter began the quest for the
                  | Orb.
     0 | D:1      | Reached XP level 1. HP: 14/14 MP: 1/1
   103 | D:1      | Found Goha's Assorted Antiques.
   181 | D:1      | Found Usyqolesh's Magic Scroll Boutique.
   188 | D:1      | Bought a scroll of identify for 24 gold pieces
   206 | D:1      | Found Vaom's Assorted Antiques.
   223 | D:1      | Reached XP level 2. HP: 17/19 MP: 2/2
   657 | D:1      | Found a faded altar of an unknown god.
   667 | D:1      | Prayed at the altar of an unknown god.
   667 | D:1      | Became a worshipper of Jiyva Juvore the Shapeless
   667 | D:1      | Reached * piety under Jiyva
   678 | D:1      | Reached XP level 3. HP: 23/23 MP: 3/3
   691 | D:1      | Found Zyugim's General Store.
  1077 | D:2      | Reached XP level 4. HP: 22/28 MP: 4/4
  1192 | D:2      | Found Mipraroj's Antique Weapon Boutique.
  1200 | D:2      | Reached ** piety under Jiyva
  1640 | D:3      | Noticed Ijyb
  1677 | D:3      | Killed Ijyb
  1678 | D:3      | Reached skill level 5 in Maces & Flails
  1678 | D:3      | Reached XP level 5. HP: 31/32 MP: 5/5
  1762 | D:3      | Noticed a necrophage
  1792 | D:3      | Killed a necrophage
  1933 | D:3      | Found the +1 Delatra's gloves {ID++}
  1938 | D:3      | Found a basalt altar of Yredelemnul.
  2003 | D:3      | Reached *** piety under Jiyva
  2276 | D:4      | Noticed a phantom
  2285 | D:4      | Killed a phantom
  2286 | D:4      | Reached skill level 5 in Fighting
  2286 | D:4      | Reached XP level 6. HP: 36/40 MP: 6/6
  2333 | D:4      | Gained mutation: You are partially covered in large bone
                  | plates. (SH +4) [Jiyva's grace]
  2333 | D:4      | Gained mutation: You are mostly covered in large bone
                  | plates. (SH +6) [Jiyva's grace]
  2333 | D:4      | Gained mutation: You are completely covered in large bone
                  | plates. (SH +8) [Jiyva's grace]
  2333 | D:4      | Gained mutation: You have hidden genetic potential.
                  | [Jiyva's grace]
  2399 | D:4      | Noticed an ice beast
  2411 | D:4      | Killed an ice beast
  2412 | D:4      | Reached skill level 4 in Armour
  2432 | D:4      | Reached skill level 5 in Armour
  2432 | D:4      | Reached XP level 7. HP: 44/44 MP: 7/7
  2669 | D:4      | Found a shimmering blue altar of Sif Muna.
  2793 | D:5      | Entered Level 5 of the Dungeon
  2793 | D:5      | Reached **** piety under Jiyva
  2811 | D:5      | Reached skill level 6 in Armour
  2815 | D:5      | Gained mutation: You expend magic power (3 MP) to
                  | strengthen your wands. [hidden potential]
  2879 | D:5      | Reached skill level 7 in Armour
  2912 | D:5      | Found Plog's Magic Scroll Shoppe.
  2973 | D:5      | Reached XP level 8. HP: 50/50 MP: 8/8
  3135 | D:5      | Reached skill level 8 in Armour
  3136 | D:5      | Gained mutation: Your muscles are strong. (Str +2) [hidden
                  | potential]
  3136 | D:5      | Lost mutation: You have hidden genetic potential. [hidden
                  | potential expressed]
  3453 | D:5      | Found a staircase to the Ecumenical Temple.
  3487 | D:6      | Reached skill level 9 in Armour
  3511 | D:6      | Noticed Grinder
  3564 | D:6      | Killed Grinder
  3597 | D:6      | Reached skill level 10 in Armour
  3692 | D:6      | Noticed a two-headed ogre
  3714 | D:6      | Slain by a two-headed ogre

Illustrated notes

Levels and vault maps discovered:
D:1:      scummos_arrival_simple_fountains, layout_rooms, serial_shops, shop,
          shop, shop, nicolae_square_shop,
          shapermc_ecumenical_altar_mp_ritualfount
D:2:      layout_loops_ring, serial_shops, nicolae_diamond_shop,
          amcnicky_mini_pool_small
D:3:      layout_loops_cross, mainiacjoe_overflow_concentric_impassable,
          uniq_ijyb
D:4:      layout_cave_pools, led_sif_pool
D:5:      layout_loops_ring, temple_hall_moat, serial_shops,
          nicolae_shop_window_shopping
D:6:      layout_rooms, mainiacjoe_overflow_cross_hatched, uniq_grinder

Skill      XL: |  1  2  3  4  5  6  7  8 |
---------------+-------------------------+-----
Maces & Flails | 3 4 5 |  5.0
Fighting       | 5 |  5.5
Armour         | 5 7 10 | 10.1
Shields        | |  3.2

Action                   |  1- 3 |  4- 6 |  7- 9 || total
-------------------------+-------+-------+-------++-------
Melee: Flail             |   124 |   130 |   205 ||   459
       Unarmed           |       |    15 |     8 ||    23
Evoke: Wand              |       |       |     1 ||     1
Armor: Scale mail        |    81 |       |       ||    81
       Chain mail        |     8 |    92 |   122 ||   222
       Skin              |       |     6 |     1 ||     7
Dodge: Dodged            |    64 |    50 |    69 ||   183
Block: Buckler           |    24 |    33 |   173 ||   230
